 Dungeon Crawl Stone Soup version 0.16.1 (webtiles) character file.

1318 FedoraBrony69 the Thaumaturge (level 8, -2/41 HPs)
             Began as a Deep Elf Conjurer on May 8, 2015.
             Was a Priest of Vehumet.
             Slain by a goblin
             ... wielding a +0 club
              (4 damage)
             ... on level 6 of the Dungeon on May 9, 2015.
             The game lasted 00:14:03 (4928 turns).

FedoraBrony69 the Thaumaturge (Deep Elf Conjurer)   Turns: 4928, Time: 00:14:03

Health: -2/41      AC:  2    Str:  5    XL:     8   Next: 33%
Magic:  2/27       EV: 13    Int: 23    God:    Vehumet [***...]
Gold:   295        SH:  0    Dex: 15    Spells: 4 memorised, 10 levels left

rFire  + . .     SeeInvis .     q - +0 dagger (drain)
rCold  x . .     Clarity  .     a - +0 robe
rNeg   . . .     SustAb   .     (no shield)
rPois  .         Gourm    .     (no helmet)
rElec  .         Spirit   .     (no cloak)
rCorr  .         Warding  .     (no gloves)
rMut   .         Stasis   .     (no boots)
MR     .....                    (no amulet)
Stlth  +++.......               l - ring of fire
                                m - ring of stealth

@: very slightly contaminated, not resistant to hostile enchantments, fairly
stealthy
A: no striking features
a: Renounce Religion


You were on level 6 of the Dungeon.
You worshipped Vehumet.
Vehumet was most pleased with you.
You were very hungry.

You visited 1 branch of the dungeon, and saw 6 of its levels.

You collected 295 gold pieces.

Inventory:

Hand weapons
 q - a +0 dagger of draining (weapon)
Armour
 a - a +0 robe (worn)
Jewellery
 l - a ring of fire (right hand)
 m - a ring of stealth (left hand)
Magical devices
 u - a wand of lightning (10)
 w - a wand of fireball (3)
Scrolls
 f - 6 scrolls of identify
 g - a scroll of vulnerability {unknown}
 j - a scroll of fog {unknown}
 k - a scroll of teleportation
 n - 2 scrolls of recharging
 v - a scroll of acquirement {unknown}
 x - a scroll of magic mapping {unknown}
 y - a scroll of fear {unknown}
 C - a scroll of blinking {unknown}
Potions
 e - 6 potions of curing {unknown}
 i - 2 potions of might {unknown}
 o - 2 potions of heal wounds {unknown}
 r - a potion of lignification {unknown}
 t - a potion of invisibility
Books
 c - a book of Conjurations

   Spells                             Type                      Level
   a - Magic Dart                     Conjuration                  1
   b - Searing Ray                    Conjuration                  2
   c - Dazzling Spray                 Conjuration/Hexes            3
   d - Fulminant Prism                Conjuration/Hexes            4
   e - Iskenderun's Mystic Blast      Conjuration                  4
   f - Iskenderun's Battlesphere      Conjuration/Charms           5
 p - a book of Debilitation

   Spells                             Type                      Level
   a - Corona                         Hexes                        1
   b - Slow                           Hexes                        2
   c - Inner Flame                    Hexes/Fire                   3
   d - Enslavement                    Hexes                        4
   e - Cause Fear                     Hexes                        4
   f - Leda's Liquefaction            Hexes/Earth                  4
Comestibles
 b - 7 bread rations
 d - 2 royal jellies
 h - 4 meat rations
 s - 5 fruits
 z - a slice of pizza
 A - 4 chunks of flesh
 B - 3 beef jerkies


   Skills:
 - Level 2.4 Dodging
 - Level 2.4 Stealth
 + Level 8.4 Spellcasting
 + Level 7.9 Conjurations
 * Level 7.8 Charms


You had 10 spell levels left.
You knew the following spells:

 Your Spells              Type           Power        Failure   Level  Hunger
a - Magic Dart            Conj           ####         1%          1    None
b - Iskenderun's Battles  Conj/Chrm      #####...     2%          5    #####..
c - Iskenderun's Mystic   Conj           #####...     1%          4    ##.....
d - Inner Flame           Hex/Fire       ##......     5%          3    None


Dungeon Overview and Level Annotations

Branches:
Dungeon (6/15)
 Temple: D:4-7

Altars:
Ashenzari
Dithmenos
Elyvilon
Gozag
Makhleb
Okawaru
Qazlal
Ru
Trog
Vehumet

Shops:
D:5 [


Message History

Confirm with . or Enter, or press ? or * to list all spells.
Aiming: Iskenderun's Mystic Blast
Press: ? - help, Shift-Dir - straight line, f - hobgoblin
Aim: a hobgoblin, wielding a club You miscast Iskenderun's Mystic Blast.
You are very lightly contaminated with residual magic.
You are momentarily dazzled by a flash of light!
Casting: Iskenderun's Mystic Blast
Confirm with . or Enter, or press ? or * to list all spells.
You don't have enough magic to cast that spell.
You hit the hobgoblin but do no damage. You drain the hobgoblin!
The hobgoblin is severely wounded.
The hobgoblin hits you with a club.
* * * LOW HITPOINT WARNING * * *
The hobgoblin closely misses you.
You hit the hobgoblin. You drain the hobgoblin!
You kill the hobgoblin!
Vehumet accepts your kill. The goblin hits you with a club.
You die...

...)...#.)..# ##..
.......#....# ##...
########....## #....
......#......#) #....
......'......'.. . +....
.....)#......#.. ... #....
########....#########....
#....
).)....#....#...gg..'.....
##...
.......#....#...@)g.#....
##.. #####################
###


You could see a hobgoblin and 2 goblins.

Vanquished Creatures
  Eustachio (D:5)
  An orc warrior (D:3)
  An ogre (D:6)
  3 centaurs (D:5)
  2 giant frogs
  A scorpion (D:4)
  A crimson imp (D:6)
  A centaur skeleton (D:4)
  2 iguanas
  2 jellies (D:6)
  An orc wizard (D:5)
  2 orc priests
  A quasit (D:5)
  2 worker ants (D:4)
  Ijyb (D:4)
  A hound zombie (D:5)
  8 adders
  4 gnolls (D:6)
  A river rat (D:5)
  A giant mite (D:3)
  4 worms
  An adder zombie (D:5)
  2 giant geckos
  19 orcs
  3 ball pythons
  12 bats
  17 hobgoblins
  7 kobolds
  4 giant newts
  29 goblins
  4 jackals (D:5)
  3 quokkas
  A quokka zombie (D:5)
  14 rats
157 creatures vanquished.

Notes
Turn   | Place    | Note
--------------------------------------------------------------
     0 | D:1      | FedoraBrony69, the Deep Elf Conjurer, began the quest for the Orb.
     0 | D:1      | Reached XP level 1. HP: 10/10 MP: 5/5
     0 | D:1      | Noticed a white draconian
     0 | D:1      | Noticed a large abomination
     1 | D:1      | Noticed a shadow dragon
     3 | D:1      | Noticed a white draconian
     3 | D:1      | Noticed an iron dragon
     5 | D:1      | Noticed an iron dragon
     7 | D:1      | Noticed an iron dragon
     8 | D:1      | Noticed a tentacled monstrosity
    10 | D:1      | Noticed a shadow dragon
    10 | D:1      | Noticed a shadow dragon
    13 | D:1      | Noticed a green draconian
    14 | D:1      | Noticed a shadow dragon
    14 | D:1      | Noticed a tentacled monstrosity
    16 | D:1      | Noticed an iron dragon
    16 | D:1      | Noticed a pale draconian
    18 | D:1      | Noticed a red draconian
    18 | D:1      | Noticed an iron dragon
    19 | D:1      | Noticed an orb of fire
   187 | D:1      | Reached XP level 2. HP: 1/15 MP: 0/8
   779 | D:2      | Reached XP level 3. HP: 19/19 MP: 1/12
   910 | D:2      | Reached skill level 5 in Conjurations
  1136 | D:2      | Reached XP level 4. HP: 15/24 MP: 13/16
  1185 | D:2      | Reached skill level 5 in Spellcasting
  1443 | D:2      | Found a white marble altar of Elyvilon.
  1443 | D:2      | Found a radiant altar of Vehumet.
  1485 | D:2      | Became a worshipper of Vehumet
  1768 | D:3      | Found an iron altar of Okawaru.
  1772 | D:3      | Found an opulent altar of Gozag.
  1899 | D:3      | Reached XP level 5. HP: 28/28 MP: 13/19
  2014 | D:3      | Found a stormy altar of Qazlal.
  2039 | D:3      | Acquired Vehumet's first power
  2039 | D:3      | Offered knowledge of Sandblast by Vehumet.
  2039 | D:3      | Reached skill level 6 in Spellcasting
  2046 | D:3      | Learned a level 5 spell: Iskenderun's Battlesphere
  2051 | D:3      | Learned a level 4 spell: Iskenderun's Mystic Blast
  2100 | D:3      | Noticed an orc warrior
  2106 | D:3      | Killed an orc warrior
  2106 | D:3      | Reached XP level 6. HP: 32/32 MP: 11/22
  2339 | D:3      | Found a shattered altar of Ashenzari.
  2343 | D:3      | Found a bloodstained altar of Trog.
  2346 | D:3      | Found a shadowy altar of Dithmenos.
  2538 | D:4      | Learned a level 3 spell: Inner Flame
  2601 | D:4      | Reached skill level 1 in Charms
  2802 | D:4      | Reached skill level 7 in Spellcasting
  2853 | D:4      | Noticed Ijyb
  2866 | D:4      | Killed Ijyb
  3440 | D:5      | Entered Level 5 of the Dungeon
  3455 | D:5      | Reached XP level 7. HP: 25/36 MP: 15/25
  3505 | D:5      | Offered knowledge of Sting by Vehumet.
  3655 | D:5      | Found a sacrificial altar of Ru.
  3656 | D:5      | Noticed Eustachio
  3738 | D:5      | Killed Eustachio
  3738 | D:5      | Reached skill level 5 in Charms
  4031 | D:5      | Found Nobum's Armour Boutique.
  4250 | D:6      | Reached skill level 8 in Spellcasting
  4250 | D:6      | Reached XP level 8. HP: 41/41 MP: 17/27
  4391 | D:6      | Found a burning altar of Makhleb.
  4530 | D:6      | Offered knowledge of Static Discharge by Vehumet.
  4887 | D:6      | Acquired Vehumet's second power
  4927 | D:6      | HP: 2/41 [hobgoblin/club (5)]
  4928 | D:6      | Slain by a goblin

Action                   |  1- 3 |  4- 6 |  7- 9 || total
-------------------------+-------+-------+-------++-------
Melee: Short sword       |     7 |       |       ||     7
       Dagger            |       |       |    15 ||    15
 Cast: Magic Dart        |    69 |   181 |    92 ||   342
       Iskenderun's Myst |       |     2 |    23 ||    25
       Iskenderun's Batt |       |       |    10 ||    10
  Use: Scroll            |       |     5 |     3 ||     8
  Eat: Chunk             |       |     7 |     8 ||    15
